 Dungeon Crawl Stone Soup version 0.31-a0-233-g139696dc86 (webtiles) character file.

Game seed: 17706411008720984049

61 qw the Shooter (level 4, 0/26 HPs)
             Began as a Gargoyle Hexslinger on July 8, 2023.
             Slain by an orc
             ... wielding a +0 short sword
              (2 damage)
             ... on level 3 of the Dungeon.
             The game lasted 00:00:40 (2003 turns).

qw the Shooter (Gargoyle Hexslinger)                Turns: 2003, Time: 00:00:41

Health: 0/26       AC:  6    Str: 11    XL:     4   Next: 7%
Magic:  5/5        EV: 11    Int: 14    God:
Gold:   136        SH:  0    Dex: 14    Spells: 4/5 levels left

rFire   . . .        Y - +1 sling
rCold   . . .        (no shield)
rNeg    + . .        e - +0 leather armour
rPois   inf          (no helmet)
rElec   +            (no cloak)
rCorr   .            (no gloves)
SInv    .            (no boots)
Will    .....        (no amulet)
Stlth   +            (no ring)
HPRegen 0.24/turn    (no ring)
MPRegen 0.09/turn

%: no passive effects
@: no status effects
A: sickness immunity, AC +3, negative energy resistance 1, electricity
resistance, torment resistance 1, petrification resistance
a: no special abilities


You were on level 3 of the Dungeon.
You visited 1 branch of the dungeon, and saw 3 of its levels.

You collected 136 gold pieces.


Innate Abilities, Weirdness & Mutations

You are immune to sickness and miasma.
Your stone body is resilient. (AC +3)
You are immune to poison.
You resist negative energy. (rN+)
You are resistant to electric shocks. (rElec)
You are resistant to unholy torment.
You are immune to petrification.


   Skills:
 - Level 2.0 Fighting
 + Level 3.9 Ranged Weapons
 - Level 1.5 Dodging
 - Level 1.0 Spellcasting
 - Level 2.6 Hexes


You had 4 spell levels left.
You knew the following spells:

 Your Spells              Type           Power      Damage    Failure   Level
a - Slow                  Hex            32%        N/A       12%         1

Your spell library contained the following spells:

 Spells                   Type           Power      Damage    Failure   Level
 Inner Flame              Hex/Fire       4%         N/A       52%         3
 Portal Projectile        Hex/Tloc       8%         N/A       52%         3
 Cause Fear               Hex            4%         N/A       75%         4

Inventory:

Hand Weapons
 Y - a +1 sling (weapon)
Armour
 e - a +0 leather armour (worn)
Scrolls
 a - a scroll of vulnerability {unknown}
 c - a scroll of enchant armour
 g - a scroll of identify
Potions
 b - a potion of might {unknown}
 f - a potion of ambrosia {unknown}
 h - 2 potions of curing

Dungeon Overview and Level Annotations

Branches:
Dungeon (3/15)

Altars:
Vehumet
Xom


Message History

Deactivating autopickup; reactivate with Ctrl-A.
The gnoll hits you from afar with a +0 spear.
The gnoll closely misses you.
You shoot a sling bullet.
The sling bullet barely misses the adder.
The adder closely misses you.
The gnoll hits you from afar with a +0 spear.
The adder barely misses you.
You shoot a sling bullet. The sling bullet hits the adder.
The adder is heavily wounded.
The adder misses you.
An orc comes into view. It is wielding a +0 club.
The gnoll hits you but does no damage.
You shoot a sling bullet.
The sling bullet closely misses the adder.
The orc shouts!
You hear a shout! x2
The adder barely misses you.
An orc comes into view.
It is wielding a +0 hand axe and wearing a +1 scale mail of cold resistance.
The gnoll hits you from afar with a +0 spear.
The adder bites you.
You shoot a sling bullet.
The sling bullet barely misses the adder.
The adder misses you.
The gnoll hits you from afar with a +0 spear. x2
The adder barely misses you.
You shoot a sling bullet.
The sling bullet closely misses the adder.
The adder bites you but does no damage.
An orc comes into view. It is wielding a +0 club.
The gnoll completely misses you. Something barely misses you.
You shoot a sling bullet. The sling bullet hits the adder.
The adder is almost dead.
The adder closely misses you. Something hits you.
The gnoll hits you but does no damage. The adder barely misses you.
You shoot a sling bullet. The sling bullet misses the adder.
The adder misses you. Something hits you but does no damage.
The gnoll barely misses you. The adder bites you but does no damage.
The gnoll barely misses you. Something hits you.
You die...

#. ###.### ####.....# ##
...>..o=.# .. .........#
.. ......ogo# ..
......S%.# ## ###@####
#......# . #.#.##.#.##
#.#.##....# ### #
#.#.......# ..# .#
#....#....#
#.###.########..........
#.##..#.............####
.....##.##......#####


You could see a gnoll, an adder and 3 orcs.

Vanquished Creatures
  An adder (D:2)
  An orc (D:3)
  8 ball pythons
  5 endoplasms
  5 giant cockroaches
  3 goblins
  2 hobgoblins (D:1)
  2 jackals (D:1)
  2 kobolds
  2 quokkas
  7 bats
  4 frilled lizards
  5 rats
47 creatures vanquished.

Notes
Turn   | Place    | Note
-------+----------+-------------------------------------------
     0 | D:1      | qw the Gargoyle Hexslinger began the quest for the Orb.
     0 | D:1      | Reached XP level 1. HP: 12/12 MP: 2/2
     0 | D:1      | 0 ||| qw: Version: 0.3-a-46-gb1f654a
     0 | D:1      | 0 ||| qw: Game counter: 3630
     0 | D:1      | 0 ||| qw: Melee chars always use a shield: true
     0 | D:1      | 0 ||| qw: God list: Okawaru
     0 | D:1      | 0 ||| qw: Allow faded altars: false
     0 | D:1      | 0 ||| qw: Do Orc after clearing Dungeon:15 true
     0 | D:1      | 0 ||| qw: Do second Lair branch before Depths: true
     0 | D:1      | 0 ||| qw: Lair rune preference: random
     0 | D:1      | 0 ||| qw: Goals: Normal
     0 | D:1      | 0 ||| PLANNING D:1-11
   137 | D:1      | Found a faded altar of an unknown god.
   150 | D:1      | Reached XP level 2. HP: 16/16 MP: 3/3
   266 | D:1      | Reached skill level 3 in Ranged Weapons
   476 | D:1      | Reached XP level 3. HP: 21/21 MP: 4/4
   738 | D:1      | 738 ||| READING scroll labelled WEZIFR FUPS.
   739 | D:1      | 739 ||| READING 2 scrolls labelled EKKITW OGUKEGA.
   740 | D:1      | 740 ||| DRINKING 2 silvery potions.
   741 | D:1      | 741 ||| DROPPING scroll of poison.
   803 | D:2      | Found a shimmering altar of Xom.
  1625 | D:2      | 1625 ||| UPGRADING to +0 leather armour.
  1635 | D:2      | 1635 ||| DROPPING +0 robe.
  1636 | D:2      | 1636 ||| READING scroll labelled SIRIPAH CAGES.
  1737 | D:2      | 1737 ||| READING scroll labelled ROCKOA VAAXT.
  1738 | D:2      | 1738 ||| READING scroll labelled WUFAONT WOAQO.
  1739 | D:2      | 1739 ||| READING 2 scrolls of identify.
  1739 | D:2      | 1739 ||| IDENTIFYING black potion
  1740 | D:2      | 1740 ||| DROPPING potion of brilliance.
  1896 | D:3      | Found a radiant altar of Vehumet.
  1986 | D:3      | Reached XP level 4. HP: 26/26 MP: 5/5
  2000 | D:3      | HP: 5/26 [gnoll/+0 spear (4)]
  2000 | D:3      | HP: 2/26 [gnoll/+0 spear (3)]
  2003 | D:3      | Slain by an orc

Levels and vault maps discovered:
D:1:      arrival_zaba_pyramid, layout_loops_ring,
          hellmonk_ecumenical_altar_crossroads
D:2:      layout_basic, basic_altar
D:3:      layout_loops_cross, vehumet_altar_wand_db, kennysheep_cluttered_room,
          uniq_crazy_yiuf_cottage

Skill      XL: |  1  2 |
---------------+-------+-----
Ranged Weapons | 3 |  3.9
Fighting       | 2 |  2.0
Dodging        | |  1.5
Spellcasting   | |  1.0
Hexes          | |  2.6

Action                     |  1- 3 |  4- 6 || total
---------------------------+-------+-------++-------
   Fire: Sling             |   146 |    16 ||   162
    Use: Scroll            |     6 |       ||     6
         Potion            |     1 |       ||     1
 Armour: Robe              |    22 |       ||    22
         Leather armour    |     4 |     6 ||    10
  Dodge: Dodged            |    55 |    17 ||    72

Table legend:
 A = Non-vault XP
 B = Vault XP
 C = Vault XP percentage of total XP
 D = Non-vault monster count
 E = Vault monster count
 F = Vault count percentage of total count
                 A         B        C        D         E       F
            +---------+---------+-------+---------+---------+-------
      Total |      86 |       2 |   2.3 |      46 |       1 |   2.1
            +---------+---------+-------+---------+---------+-------
        D:1 |      39 |       0 |   0.0 |      24 |       0 |   0.0
        D:2 |      32 |       0 |   0.0 |      13 |       0 |   0.0
        D:3 |      15 |       2 |  11.8 |       9 |       1 |  10.0
            +---------+---------+-------+---------+---------+-------
